 Dungeon Crawl Stone Soup version 0.26-a0-812-g31a745ddcd (webtiles) character file.

Game seed: 8357495264166991621

235 kae the Firebug (level 6, -3/32 HPs)
             Began as a Tengu Fire Elementalist on Nov 18, 2020.
             Killed by divine providence
             ... invoked by an orc priest
              (11 damage)
             ... on level 4 of the Dungeon.
             The game lasted 00:02:09 (3686 turns).

kae the Firebug (Tengu Fire Elementalist)           Turns: 3686, Time: 00:02:10

Health: -3/32      AC:  2    Str:  8    XL:     6   Next: 6%
Magic:  8/11       EV: 12    Int: 18    God:
Gold:   153        SH:  0    Dex: 14    Spells: 6/11 levels left

rFire    . . .     SeeInvis .   (no weapon)
rCold    + . .     Faith    .   (no shield)
rNeg     . . .     Spirit   .   a - +0 robe
rPois    .         Reflect  .   (helmet restricted)
rElec    .         Harm     .   (no cloak)
rCorr    .         Rampage  .   (no gloves)
MR       .....                  (boots unavailable)
Stlth    ++........             k - amulet of magic regeneration
HPRegen  0.10/turn              n - ring of protection from cold
MPRegen  0.37/turn              (no ring)

@: no status effects
A: beak, talons 3, able to fly
a: Fly


You were on level 4 of the Dungeon.
You visited 1 branch of the dungeon, and saw 4 of its levels.

You collected 153 gold pieces.

Inventory:

Armour
 a - a +0 robe (worn)
Jewellery
 g - an uncursed ring of flight {unknown}
 k - an amulet of magic regeneration (around neck)
 n - a ring of protection from cold (left hand)
Scrolls
 b - 2 scrolls of remove curse
 f - a scroll of identify
 m - a scroll of fog
Potions
 c - a potion of lignification
 d - a potion of heal wounds
 e - a potion of brilliance
 j - a potion of magic
 l - a potion of degeneration
 o - a potion of attraction


   Skills:
 - Level 2.1 Dodging
 - Level 2.0 Stealth
 + Level 3.0 Spellcasting
 * Level 4.9 Conjurations
 * Level 5.2 Fire Magic


You had 6 spell levels left.
You knew the following spells:

 Your Spells              Type           Power        Failure   Level
a - Foxfire               Conj/Fire      ###.         1%          1
b - Sticky Flame          Conj/Fire      ###.....     21%         4

Your spell library contained the following spells:

 Spells                   Type           Power        Failure   Level
 Conjure Flame            Conj/Fire      ###.....     6%          3
 Inner Flame              Hex/Fire       ##......     17%         3
 Fireball                 Conj/Fire      ###.......   50%         5


Dungeon Overview and Level Annotations

Branches:
Dungeon (4/15)
 Temple: D:4-7

Altars:
Ru


Innate Abilities, Weirdness & Mutations

You have a beak for a mouth.
You have claws for feet.
You can fly continuously.


Message History

You have reached level 6!
Your experience leads to an increase in your attributes!
Increase (S)trength, (I)ntelligence, or (D)exterity?
You feel clever.
The orc priest mumbles some strange prayers to Beogh against you.
Beogh smites you!
* * * LOW HITPOINT WARNING * * *
Casting: Foxfire (safe; 1% risk of failure)
Confirm with . or Enter, or press ? or * to list all spells.
You conjure some foxfire!
The foxfire hits the orc priest.
The orc priest is heavily wounded.
The foxfire hits the orc priest.
The orc priest is almost dead.
Casting: Foxfire (safe; 1% risk of failure)
Confirm with . or Enter, or press ? or * to list all spells.
You conjure some foxfire!
The orc priest calls down the wrath of Beogh upon you.
Beogh smites you!
You die...

###.†####......##
##...## ##....##
##...## #....#
##...## ##....##
#...## ###......#
#..## #........#
# ####
#.#.......#.#
##.#...§§§v#.##.
##.#..§@§§vo)..
##.#..§.....?.
##.#......)..
##.#........
##.#...#..# #
#### #.


You could see an orc priest.

Vanquished Creatures
  2 hounds (D:3)
  An orc wizard (D:2)
  2 orc priests
  A gnoll (D:3)
  An adder (D:3)
  2 worms (D:2)
  A dart slug (D:2)
  2 leopard geckos
  4 orcs
  A ball python (D:2)
  4 bats (D:1)
  A giant cockroach (D:1)
  5 goblins
  6 hobgoblins
  5 jackals
  A quokka (D:2)
  6 frilled lizards
  7 kobolds
  3 rats
55 creatures vanquished.

Vanquished Creatures (collateral kills)
  A foxfire (D:3)
1 creature vanquished.

Vanquished Creatures (others)
  180 foxfires
180 creatures vanquished.

Grand Total: 236 creatures vanquished

Notes
Turn   | Place    | Note
-------+----------+-------------------------------------------
     0 | D:1      | kae the Tengu Fire Elementalist began the quest for the
                  | Orb.
     0 | D:1      | Reached XP level 1. HP: 10/10 MP: 4/4
   198 | D:1      | Reached XP level 2. HP: 15/15 MP: 4/6
  1064 | D:2      | Reached XP level 3. HP: 19/19 MP: 2/7
  1326 | D:2      | Reached skill level 4 in Fire Magic
  1981 | D:2      | Reached XP level 4. HP: 12/24 MP: 2/8
  2236 | D:3      | Learned a level 4 spell: Sticky Flame
  2650 | D:3      | Gained mutation: You can fly continuously. [Tengu growth]
  2650 | D:3      | Reached XP level 5. HP: 11/28 MP: 4/10
  2843 | D:3      | Found a sacrificial altar of Ru.
  3124 | D:3      | Reached skill level 5 in Fire Magic
  3128 | D:3      | HP: 2/42 [gnoll/+0 whip (4)]
  3682 | D:4      | Reached XP level 6. HP: 22/32 MP: 9/11
  3686 | D:4      | Killed from afar by an orc priest

Illustrated notes

Levels and vault maps discovered:
D:1:      dpeg_arrival_tiny_a, layout_basic
D:2:      layout_loops_ring
D:3:      layout_basic, lemuel_coloured_pillars_altar, cheibrodos_gnoll_hut
D:4:      wad_pebble_path, layout_layer_cave, temple_statues

Skill      XL: |  1  2  3  4  5 |
---------------+----------------+-----
Conjurations   | 2 3 4 |  4.9
Fire Magic     | 4 5 |  5.2
Spellcasting   | 3 |  3.0
Dodging        | |  2.1
Stealth        | |  2.0

Action                   |  1- 3 |  4- 6 || total
-------------------------+-------+-------++-------
Melee: Unarmed           |    12 |    17 ||    29
       Peck              |     3 |       ||     3
       Kick              |     2 |     1 ||     3
 Cast: Foxfire           |    63 |    42 ||   105
  Use: Scroll            |       |    11 ||    11
       Potion            |       |     1 ||     1
Armor: Robe              |     8 |     6 ||    14
       Skin              |       |    13 ||    13
Dodge: Dodged            |    30 |    18 ||    48

Table legend: (Time is in decaauts)
 A = Elapsed time spent in this place.
 B = Non-inter-level travel time spent in this place.
 C = Inter-level travel time spent in this place.
 D = Time resting spent in this place.
 E = Time spent auto-exploring this place.
 F = Levels seen in this place.
 G = Mean time per level.
                   A        B        C        D        E       F      G
               +--------+--------+--------+--------+--------+-----+--------+
         Total |   3685 |   3566 |    119 |    430 |   2748 |   4 |  921.2 |
       Dungeon |   3685 |   3566 |    119 |    430 |   2748 |   4 |  921.2 |
               +--------+--------+--------+--------+--------+-----+--------+

Top non-repeatable levels by time:
     D:3: 1344 daAuts
     D:2: 1342 daAuts
     D:1: 812 daAuts
     D:4: 186 daAuts
